Map: Emerald City LE

Players

Fire

  • Race: Protoss Protoss
  • Spawn Location: 11:00

Fess

  • Race: Zerg Zerg
  • Spawn Location: 11:00

Massa - Winner!

  • Race: Terran Terran
  • Spawn Location: 5:00

qqq - Winner!

  • Race: Zerg Zerg
  • Spawn Location: 5:00

VOD

Have the link to the VOD?

Description

Time

  • Played on: Oct. 1, 2020, 3:32 p.m.
  • Length: 15:06
Show
View Real Time Build Order
Export as new Build Order

Fire Protoss 

Build Orders: Carriers 

Get SALT Encoding   

  12  0:01  Probe  
  13  0:13  Probe  
  14  0:20  Pylon  
  14  0:25  Probe (Chrono Boost)  
  15  0:41  Gateway  
  15  0:46  Assimilator  
  15  0:52  Probe  
  16  1:04  Probe (Chrono Boost)  
  17  1:16  Probe (Chrono Boost)  
  18  1:21  Probe (Chrono Boost)  
  19  1:29  Cybernetics Core  
  19  1:33  Probe  
  19  1:36  Assimilator  
  20  1:59  Nexus  
  20  2:03  Probe  
  20  2:08  Pylon  
  21  2:11  Stalker  
  23  2:26  Pylon  
  23  2:27  Probe (Chrono Boost)  
  24  2:37  Gateway  
  24  2:47  Warp Gate  
  24  2:51  Stalker  
  26  3:09  Probe (Chrono Boost)  
  28  3:12  Probe (Chrono Boost)  
  29  3:21  Stalker  
  29  3:22  Probe (Chrono Boost)  
  29  3:23  Probe (Chrono Boost)  
  29  3:26  Gateway  
  32  3:31  Probe (Chrono Boost)  
  33  3:41  Probe (Chrono Boost)  
  34  3:46  Stalker  
  37  3:49  Probe (Chrono Boost)  
  37  3:54  Probe (Chrono Boost)  
  38  3:56  Probe (Chrono Boost)  
  39  4:04  Pylon  
  39  4:06  Gateway  
  39  4:09  Stargate  
  39  4:13  Probe  
  39  4:14  Probe  
  39  4:16  Assimilator  
  37  4:39  Stalker x2  
  37  4:40  Stalker  
  43  5:00  Probe x2  
  45  5:08  Stalker x3  
  45  5:10  Stalker  
  45  5:12  Probe  
  54  5:22  Pylon  
  54  5:25  Pylon  
  54  5:29  Pylon  
  54  5:39  Stalker x3  
  54  5:40  Stalker  
  62  6:05  Oracle  
  62  6:11  Shield Battery  
  65  6:14  Shield Battery  
  65  6:15  Probe x2  
  67  6:21  Assimilator  
  67  6:27  Probe  
  67  6:29  Stalker x2  
  67  6:30  Stalker x2  
  76  6:42  Oracle  
  79  7:14  Forge  
  79  7:18  Fleet Beacon  
  79  7:22  Stargate  
  78  7:45  Pylon  
  78  7:49  Pylon  
  78  7:54  Pylon  
  72  9:19  Carrier x2  
  84  9:28  Stalker x2  
  84  9:29  Stalker x2  
  92  10:20  Sentry  
  94  10:23  Carrier x2  
  65  11:03  Stalker x2  
  67  11:25  Pylon  
  67  11:27  Pylon  
  67  11:35  Carrier  
  67  11:40  Carrier  
  63  12:40  Carrier  
  65  12:45  Carrier  
Show
View Real Time Build Order
Export as new Build Order

Fess Zerg 

Build Orders: Hatch First, Lurkers 

Get SALT Encoding   

  12  0:00  Drone  
  13  0:13  Overlord  
  13  0:18  Drone  
  14  0:32  Drone x2  
  16  0:40  Drone  
  17  0:56  Hatchery  
  16  1:00  Drone  
  16  1:01  Drone  
  18  1:15  Extractor, Spawning Pool  
  16  1:22  Drone x2  
  18  1:33  Drone  
  19  1:54  Drone  
  20  1:55  Overlord  
  20  2:09  Drone x2  
  20  2:15  Drone  
  23  2:18  Queen x2  
  23  2:19  Metabolic Boost  
  23  2:22  Zergling x2  
  28  2:28  Zergling x2  
  29  2:36  Zergling x4  
  31  2:44  Drone  
  32  3:03  Drone x4  
  36  3:10  Overlord  
  36  3:21  Hatchery  
  35  3:30  Drone x4  
  35  3:31  Drone x5  
  41  4:10  Overlord x2  
  41  4:13  Extractor  
  41  4:14  Extractor, Lair  
  41  4:15  Baneling Nest  
  38  4:26  Overlord  
  38  4:30  Zergling x12  
  38  4:31  Zergling x4  
  34  4:52  Zergling x8  
  33  4:53  Zergling x4  
  33  4:58  Drone x2  
  33  4:59  Baneling x2  
  35  5:09  Overlord  
  35  5:11  Overlord  
  35  5:20  Baneling  
  35  5:21  Baneling  
  32  5:24  Zergling x10  
  35  5:33  Zergling x6  
  36  5:56  Zergling x12  
  41  6:05  Centrifical Hooks  
  41  6:07  Drone x3  
  44  6:11  Queen  
  44  6:12  Drone  
  47  6:22  Drone x3  
  50  6:28  Drone x2  
  50  6:32  Baneling x6  
  52  6:33  Baneling x2  
  52  6:49  Drone x6  
  52  6:50  Drone x2  
  60  7:01  Overlord  
  60  7:03  Overlord  
  60  7:14  Drone x2, Hydralisk Den  
  61  7:19  Drone x3  
  61  7:20  Drone x4  
  68  7:33  Drone  
  68  7:34  Drone x4  
  73  7:39  Evolution Chamber  
  73  7:41  Evolution Chamber  
  71  7:47  Drone x2  
  71  7:48  Drone x4  
  71  8:03  Muscular Augments  
  71  8:04  Overlord x2  
  71  8:05  Overseer  
  71  8:07  Hydralisk x2, Zergling x2  
  71  8:08  Zergling x2  
  71  8:11  Extractor  
  71  8:12  Extractor  
  75  8:13  Spore Crawler  
  74  8:22  Zerg Missile Weapons Level 1  
  74  8:23  Zerg Ground Armor Level 1  
  74  8:29  Lurker Den  
  74  8:31  Hydralisk  
  74  8:32  Hydralisk, Zergling x8  
  74  8:33  Zergling x6  
  84  8:42  Baneling  
  81  8:53  Hydralisk x2  
  81  8:54  Hydralisk, Zergling x8  
  71  9:01  Hydralisk  
  71  9:02  Zergling x2  
  69  9:09  Hydralisk, Zergling x2  
  71  9:10  Zergling x10  
  71  9:11  Zergling x2  
  76  9:21  Hydralisk x2, Zergling x2  
  81  9:32  Lurker  
  81  9:34  Zergling x14  
  50  10:17  Hydralisk x6, Zergling x4  
  50  10:18  Zergling x6  
  61  10:28  Hydralisk  
  61  10:29  Zergling x2  
  59  10:43  Lurker x2  
  46  11:07  Hydralisk x4, Zergling x2  
  46  11:08  Zergling x8  
  46  11:09  Zergling x4  
  61  11:19  Hydralisk x2  
  61  11:20  Zergling x4  
  50  11:49  Hydralisk x2, Zergling x8  
  50  11:50  Zergling x2  
  52  11:59  Queen  
  54  12:08  Hydralisk, Zergling x2  
  54  12:15  Hatchery  
  56  12:29  Hydralisk x2  
  56  12:30  Hydralisk x2, Zergling x6  
  61  12:57  Hydralisk x3, Zergling x4  
  61  12:58  Zergling x2  
  65  13:19  Hydralisk x2  
  53  13:20  Zergling x6  
  32  13:54  Hydralisk x3  
  32  13:55  Hydralisk x2, Zergling x6  
  43  14:23  Hatchery  
  42  14:25  Hydralisk x3, Zergling x4  
  42  14:26  Zergling x2  
  42  14:28  Lurker x2  
  53  14:31  Hatchery  
  52  14:44  Extractor  
Show
View Real Time Build Order
Export as new Build Order

Massa Terran - Winner!

Build Orders: 2 Factory 

Get SALT Encoding   

  12  0:00  SCV  
  13  0:12  SCV  
  14  0:23  Supply Depot  
  14  0:24  SCV  
  15  0:45  SCV  
  15  0:47  Barracks  
  16  0:51  Refinery  
  16  0:57  SCV  
  16  1:02  Refinery  
  17  1:09  SCV  
  18  1:21  SCV  
  19  1:33  SCV  
  20  1:45  SCV  
  20  1:46  Factory  
  21  1:51  Reaper  
  22  1:54  Supply Depot  
  22  1:57  Orbital Command  
  23  2:38  Marine  
  23  2:54  Widow Mine  
  23  2:56  SCV  
  26  3:00  Command Center  
  26  3:04  Factory  
  26  3:08  SCV  
  27  3:12  Engineering Bay  
  27  3:16  Widow Mine  
  29  3:20  SCV  
  29  3:26  Marine  
  31  3:41  Starport, Supply Depot  
  31  3:43  Marine  
  31  3:52  Widow Mine  
  31  3:59  Supply Depot  
  32  4:03  Widow Mine  
  32  4:05  Supply Depot  
  32  4:13  Hellion  
  36  4:24  Widow Mine  
  36  4:33  Orbital Command  
  36  4:34  Hellion  
  36  4:37  SCV  
  39  4:40  Barracks Tech Lab  
  41  4:46  Widow Mine  
  41  4:56  Hellion  
  43  5:01  SCV x2  
  45  5:12  Factory Tech Lab  
  45  5:13  SCV x2  
  44  5:30  Widow Mine  
  36  6:04  Widow Mine  
  36  6:05  Marauder  
  36  6:06  Stimpack  
  36  6:08  SCV x2  
  40  6:17  Barracks  
  40  6:20  SCV x2, Barracks  
  40  6:24  Barracks  
  42  6:27  Barracks, Marauder  
  42  6:30  Barracks  
  42  6:32  SCV  
  47  6:35  Supply Depot  
  47  6:40  Siege Tank  
  48  6:48  Marauder  
  48  6:49  Infernal Pre-Igniter  
  50  6:57  SCV x2  
  52  7:04  Command Center  
  52  7:05  Medivac  
  54  7:09  SCV  
  54  7:10  SCV  
  54  7:13  Siege Tank  
  59  7:21  SCV  
  60  7:35  Medivac  
  61  7:40  Terran Infantry Weapons Level 1  
  61  7:44  Armory  
  61  7:45  Barracks Reactor x2  
  61  7:46  Barracks Tech Lab, Combat Shield  
  61  8:04  Marauder x2  
  65  8:09  Missile Turret  
  65  8:12  Missile Turret  
  65  8:14  Missile Turret  
  65  8:17  Orbital Command  
  62  8:25  Marine  
  62  8:26  Marauder  
  64  8:34  Missile Turret  
  64  8:35  Marine x3  
  64  8:36  Marine  
  66  8:44  Marauder  
  66  8:47  Marine  
  67  8:53  Marine x4, Terran Vehicle Weapons Level 1  
  71  9:04  Marine  
  71  9:05  Marauder, Concussive Shells  
  71  9:07  Refinery  
  71  9:09  Refinery  
  74  9:11  Marine x4  
  78  9:23  Marauder  
  80  9:26  Marine  
  80  9:28  Marine  
  80  9:29  Marine x2  
  80  9:30  Marine  
  85  9:34  Terran Infantry Armor Level 1  
  85  9:44  Marauder x2  
  89  9:46  Marine  
  89  9:47  Marine x2  
  89  9:48  Marine  
  91  10:04  Marine x3  
  93  10:28  Marine x2  
  93  10:30  Marine x2  
  93  10:35  Marauder  
  93  10:40  Marauder  
  91  10:46  Marine  
  91  10:47  Supply Depot  
  91  10:49  Supply Depot  
  88  10:51  Supply Depot  
  88  10:53  Supply Depot  
  88  10:56  Marauder  
  89  10:57  SCV  
  89  10:58  SCV  
  89  11:01  Marauder  
  93  11:08  Barracks Reactor, Barracks Tech Lab  
  93  11:09  Factory Tech Lab, SCV  
  93  11:10  SCV  
  95  11:15  Supply Depot  
  95  11:17  Marauder  
  100  11:21  SCV  
  100  11:22  SCV, Marauder  
  104  11:27  Orbital Command  
  104  11:33  SCV  
  104  11:39  Marauder  
  95  11:43  Thor  
  95  11:44  Marauder  
  95  11:45  Thor  
  70  12:00  Marauder  
  70  12:02  Viking  
  70  12:05  Marauder, Marine  
  70  12:06  Marine x6  
  81  12:11  Missile Turret  
  81  12:13  SCV  
  82  12:21  Marine  
  82  12:22  Terran Infantry Weapons Level 2  
  83  12:23  Marine  
  83  12:24  Marine x4  
  83  12:26  Terran Vehicle And Ship Armor Level 1, Thor  
  94  12:32  Viking  
  96  12:40  Starport  
  96  12:53  Thor  
  102  13:02  Viking  
  83  13:37  Thor x2  
  83  13:40  Marine  
  83  13:41  Marine x8  
  100  13:47  Command Center  
  96  13:49  SCV  
  96  13:50  SCV x2, Missile Turret  
  99  13:58  Marine  
  99  14:02  SCV x3, Starport Reactor  
  103  14:35  Marine  
  103  14:36  Marauder x3, Marine x5  
Show
View Real Time Build Order
Export as new Build Order

qqq Zerg - Winner!

Build Orders: Hatch First 

Get SALT Encoding   

  12  0:10  Drone x2  
  14  0:38  Hatchery  
  14  0:40  Drone  
  14  0:58  Spawning Pool  
  13  1:04  Overlord  
  13  1:09  Drone  
  14  1:14  Extractor  
  14  1:15  Drone  
  14  1:24  Drone  
  15  1:48  Drone x2  
  15  1:49  Drone, Queen  
  20  1:57  Drone  
  21  2:03  Drone  
  21  2:06  Drone  
  23  2:10  Spine Crawler  
  23  2:12  Drone  
  23  2:15  Drone  
  24  2:24  Zergling x2  
  24  2:25  Drone  
  26  2:33  Zergling x2  
  27  2:38  Overlord  
  27  2:42  Extractor  
  27  2:44  Overlord  
  27  2:46  Drone  
  27  2:49  Metabolic Boost  
  28  2:56  Queen  
  30  2:59  Drone  
  30  3:00  Baneling Nest  
  30  3:01  Drone  
  31  3:09  Zergling x2  
  31  3:10  Drone  
  33  3:17  Zergling x2  
  34  3:20  Drone  
  34  3:25  Zergling x4  
  34  3:26  Roach Warren, Zergling x2  
  37  3:28  Drone  
  37  3:32  Zergling x2  
  39  3:48  Zergling x2  
  39  3:49  Zergling x4  
  40  4:08  Zergling x6  
  43  4:10  Overlord  
  43  4:11  Overlord x2  
  43  4:16  Lair  
  43  4:24  Baneling x3  
  42  4:33  Hatchery  
  35  4:58  Baneling x2  
  35  4:59  Baneling x2, Zergling x10  
  39  5:00  Drone, Zergling x2  
  39  5:01  Drone x5  
  45  5:15  Drone  
  45  5:17  Extractor  
  45  5:22  Drone  
  45  5:25  Extractor, Drone x2  
  47  5:36  Roach  
  49  5:46  Roach x3  
  49  5:47  Roach  
  49  5:48  Drone x2, Hatchery, Roach  
  54  6:02  Roach x2  
  54  6:03  Drone x2  
  54  6:04  Drone x3  
  62  6:10  Drone x3  
  66  6:12  Drone  
  66  6:18  Drone  
  68  6:24  Evolution Chamber x2  
  66  6:26  Drone x2  
  66  6:27  Roach x2  
  72  6:35  Extractor  
  71  6:41  Drone  
  71  6:44  Queen  
  74  6:47  Overlord x6  
  74  7:05  Zerg Missile Weapons Level 1  
  74  7:07  Zerg Ground Armor Level 1  
  74  7:12  Hatchery  
  73  7:22  Roach x5  
  85  7:23  Roach x2  
  85  7:25  Drone x2  
  85  7:27  Drone  
  90  7:34  Roach x2  
  90  7:35  Drone x2  
  96  7:37  Drone  
  96  7:40  Roach  
  96  7:42  Roach  
  101  7:48  Baneling x3  
  101  7:50  Roach x2  
  100  8:08  Spore Crawler  
  100  8:11  Spore Crawler  
  98  8:15  Spore Crawler, Roach  
  98  8:16  Roach x7  
  98  8:17  Roach  
  115  8:21  Drone  
  115  8:22  Drone x2  
  115  8:23  Drone  
  117  8:41  Drone x2, Roach x4  
  125  8:42  Drone x3  
  125  8:46  Spine Crawler  
  120  9:02  Zerg Melee Weapons Level 1  
  112  9:08  Drone x6  
  112  9:09  Drone x3  
  121  9:10  Roach x4  
  121  9:11  Roach x2  
  133  9:21  Overlord x4  
  133  9:30  Overlord  
  133  9:31  Overlord  
  125  10:07  Roach x6  
  127  10:08  Roach x7  
  127  10:09  Roach x2  
  145  10:19  Zergling x4  
  145  10:20  Drone x3  
  138  10:58  Roach x6  
  138  10:59  Roach x8  
  138  11:00  Roach  
  162  11:20  Roach x2  
  162  11:21  Roach x2  
  170  11:26  Extractor, Spire  
  170  11:27  Extractor, Hatchery  
  170  11:29  Hatchery  
  165  11:33  Spine Crawler  
  165  11:34  Hatchery, Spore Crawler  
  165  11:38  Hatchery  
  165  11:39  Hatchery  
  156  11:46  Infestation Pit  
  151  11:48  Zerg Melee Weapons Level 2  
  151  11:51  Zerg Missile Weapons Level 2  
  151  12:14  Extractor x2, Drone x3  
  151  12:15  Drone x4  
  156  12:24  Drone  
  156  12:25  Drone x4  
  156  12:26  Zergling x4  
  156  12:27  Zergling x14  
  170  12:31  Spore Crawler  
  170  12:33  Spore Crawler  
  152  12:53  Spore Crawler  
  152  12:54  Spore Crawler  
  152  12:55  Spore Crawler, Corruptor x3  
  152  12:56  Corruptor x2  
  152  12:57  Spore Crawler  
  152  13:04  Corruptor x3  
  152  13:05  Corruptor x2  
  156  13:06  Corruptor x7  
  156  13:07  Corruptor  
  174  13:16  Hive  
  174  13:19  Corruptor  
  173  13:21  Drone  
  158  13:48  Corruptor x4, Roach x2  
  142  14:01  Corruptor x2  
  132  14:03  Drone x3, Corruptor  
  119  14:14  Roach x2  
  119  14:16  Zergling x14  
  119  14:17  Drone x5  
  133  14:25  Drone x4  
  133  14:26  Drone x4  
  133  14:30  Roach x2  
  145  14:32  Roach  
  145  14:34  Drone x2  
Tags
 
Add a new tag
Caveats
  • Supply blocks, unpowered buildings, or Contaminate may cause inaccurate times.
  • Supply counts are checked every 10 seconds.